AoeStats
← J_DeM

Arabia

505276071Analyzed
1v1 RM · 24d ago on Sep 8, 2026· 35m 58s· 2 players
Game mode
Random Map
Map size
Tiny (2 player)
Population
200
Speed
Normal
Resources
Standard
Victory
Conquest
Starting age
Dark Age
Ending age
Imperial Age
RankedLock teamsTeams togetherTeam positionsShared explorationLock speedFull tech treeHidden civsTurbo modeCheats
Victory
Defeat
🇬🇧 Gurjaras · United Kingdom
1275
+16
🇮🇳 Poles · India
1282
-16
J_DeM
6:22 Loom
9:04 Feudal Age
9:46 Double-Bit Axe
21:03 Castle Age
19:40 Gold Mining
19:38 Horse Collar
20:46 Wheelbarrow
21:17 Bloodlines
21:24 Gold Mining
21:44 Scale Barding Armor
22:00 Husbandry
22:47 Bow Saw
25:03 Forging
31:03 Chain Barding Armor
31:59 Iron Casting
36:44 Hand Cart
HarshHunk
9:06 Feudal Age
7:22 Loom
9:50 Double-Bit Axe
16:15 Forging
17:10 Scale Barding Armor
19:59 Bloodlines
23:19 Castle Age
21:19 Horse Collar
21:35 Gold Mining
24:01 Husbandry
23:32 Pikeman
24:13 Squires
24:14 Scale Mail Armor
25:33 Fletching
25:59 Chain Mail Armor
26:45 Bodkin Arrow
31:29 Light Cavalry
Connection lost

Rejoining the realm…

Still unreachable

The connection could not be restored.

Session expired

The server has moved on; the page needs a fresh start.